 Dungeon Crawl Stone Soup version 0.31-a0-1469-gd420192249 (webtiles) character file.

Game seed: 2961605340226487213

2471 BigPumpCobain the Grappler (level 9, -2/78 HPs)
             Began as a White Draconian Shapeshifter on Dec 29, 2023.
             Killed by nerve-wracking pain
             ... invoked by an orc priest
              (5 damage)
             ... on level 7 of the Dungeon.
             The game lasted 00:06:19 (4741 turns).

BigPumpCobain the Grappler (DrSh)                   Turns: 4741, Time: 00:06:20

Health: -2/78      AC: 11    Str: 20    XL:     9   Next: 26%
Magic:  9/9        EV: 12    Int: 10    God:
Gold:   284        SH:  0    Dex: 15    Spells: 8/8 levels left

rFire   . . .        v - +8 flail of the Trees {heavy, rN+ Dex+3}
rCold   + . .        (no shield)
rNeg    + . .        (body armour unavailable)
rPois   .            (helmet currently unavailable)
rElec   .            (cloak currently unavailable)
rCorr   .            (gloves currently unavailable)
SInv    +            (boots currently unavailable)
Will    .....        o - amulet of the acrobat
Stlth   +            h - ring of see invisible
HPRegen 0.33/turn    k - +4 ring of protection
MPRegen 0.11/turn

%: acrobat
@: beast-form, on berserk cooldown, slowed, studying Earth Magic, very slow
A: beast (slay +3), breathe frost, AC +7, unfitting armour, cold resistance 1,
cold-blooded
a: Breathe Frost, Begin Untransformation


You were on level 7 of the Dungeon.
You were a hulking beast.
You visited 2 branches of the dungeon, and saw 8 of its levels.

You collected 284 gold pieces.

Inventory:

Hand Weapons
 u - a +2 whip of venom
 v - the +8 flail of the Trees (weapon) {heavy, rN+ Dex+3}
   (You took it off a goblin on level 3 of the Dungeon)

   Dex+3:     It affects your dexterity (+3).
   rN+:       It protects you from negative energy.
Jewellery
 h - a ring of see invisible (left hand)
 k - a +4 ring of protection (right hand)
 o - an amulet of the acrobat (around neck)
 x - a ring of ice
Talismans
 b - a beast talisman
 c - a flux talisman
Wands
 y - a wand of acid (10)
Scrolls
 d - 2 scrolls of revelation {unknown}
 e - 3 scrolls of fog {unknown}
 g - 3 scrolls of teleportation {unknown}
 i - a scroll of noise {unknown}
 j - a scroll of brand weapon {unknown}
 m - a scroll of fear {unknown}
 n - 11 scrolls of identify {unknown}
 r - a scroll of enchant armour {unknown}
 w - 2 scrolls of enchant weapon {unknown}
 z - a scroll of immolation
Potions
 a - 2 potions of lignification
 f - a potion of degeneration {unknown}
 l - 2 potions of curing
 p - a potion of invisibility {unknown}
 q - 2 potions of might {unknown}
 s - 2 potions of resistance {unknown}
 A - a potion of enlightenment {unknown}
 B - 2 potions of heal wounds {unknown}
 C - a potion of brilliance {unknown}


   Skills:
 + Level 6.8 Fighting
 - Level 1.7 Dodging
 * Level 9.5 Unarmed Combat
 + Level 6.4 Shapeshifting


You had 8 spell levels left.
You didn't know any spells.
Your spell library contained the following spells:

 Spells                   Type           Power      Damage    Failure   Level
 Apportation              Tloc           0%         N/A       36%         1
 Foxfire                  Conj/Fire      0%         2x1d4     36%         1
 Sandblast                Erth           0%         2d4       36%         1
 Slow                     Hex            0%         N/A       36%         1
 Ensorcelled Hibernation  Hex/Ice        0%         N/A       50%         2
 Jinxbite                 Hex            0%         N/A       50%         2
 Confusing Touch          Hex            0%         N/A       75%         3
 Passwall                 Erth           0%         N/A       75%         3
 Sigil of Binding         Hex            0%         N/A       75%         3
 Stone Arrow              Conj/Erth      0%         3d7       75%         3
 Swiftness                Air            0%         N/A       75%         3
 Vampiric Draining        Necr           0%         2d6       75%         3
 Brom's Barrelling Bould  Conj/Erth      0%         2d3       98%         4
 Leda's Liquefaction      Alch/Erth      0%         N/A       98%         4
 Alistair's Intoxication  Alch           0%         N/A       100%        5
 Lee's Rapid Deconstruct  Erth           0%         3d4*      100%        5
 Bombard                  Conj/Erth      0%         9d1       100%        6
 Plasma Beam              Fire/Air       0%         2x1d10    100%        6
 Starburst                Conj/Fire      0%         6d3       100%        6


Dungeon Overview and Level Annotations

Branches:
Dungeon (7/15)             Temple (1/1) D:7

Altars:
Ashenzari
Dithmenos
Elyvilon
Fedhas
Makhleb
Nemelex Xobeh
Qazlal
Ru
Sif Muna
Uskayaw
Wu Jian
Xom
Yredelemnul
Zin
The Shining One

Annotations:
D:5 1 runed translucent door, Fractals's ghost, amateur KoHu


Innate Abilities, Weirdness & Mutations

You are a hulking beast.
Your limbs bulge with bestial killing power. (Slay +3)
You can breathe waves of freezing cold which knock back foes.
Your icy white scales are hard. (AC +7)
You cannot fit into any form of body armour.
Your flesh is cold resistant. (rC+)
You are cold-blooded and may be slowed by cold attacks.


Message History

You are exhausted.
You feel yourself slow down.
The orc priest shouts!
The shadow imp hits you but does no damage.
You bludgeon the shadow imp!!
You kill the shadow imp!
The orc priest closely misses you.
Items here: ) ††††.
You barely miss the orc priest. The orc priest misses you.
The orc priest hits you but does no damage.
The orc priest misses you.
You barely miss the orc priest.
You tail-slap the orc priest, but do no damage.
The orc priest hits you but does no damage.
The orc priest mumbles some strange prayers to Beogh against you.
Beogh smites you!
* * * LOW HITPOINT WARNING * * *
You bludgeon the orc wizard!!
You kill the orc wizard!
The orc priest looks encouraged for a moment.
The orc priest mumbles some strange prayers to Beogh against you.
You struggle to resist.
You barely miss the orc priest. The orc priest hits you with a +0 mace.
* * * LOW HITPOINT WARNING * * *
A gnoll comes into view. It is wielding a +0 spear.
The orc priest mumbles some strange prayers to Beogh against you.
Pain shoots through your body!
* * * LOW HITPOINT WARNING * * *
The orc priest hits you with a +0 mace.
* * * LOW HITPOINT WARNING * * *
You barely miss the orc priest.
You tail-slap the orc priest, but do no damage.
The orc priest barely misses you.
The orc priest mumbles some strange prayers to Beogh against you.
You struggle to resist.
The orc priest hits you but does no damage.
The gnoll completely misses you.
The orc priest mumbles some strange prayers to Beogh against you.
Pain shoots through your body!
You die...

#.................#
####.............##
##...........##
###>###.######.#
#..###.###....#
#..##......#
#..##..#####
.........#########
..........ho.....#.
..###....##........
. ###..##g####.##
##..g.# #.#..#
#....# #..#..
#....# #.#..#


You could see an orc priest and a gnoll.

Vanquished Creatures
  6 yaks (D:7)
  2 ice beasts
  A black bear (D:5)
  3 centaurs
  An ogre (D:6)
  A scorpion (D:6)
  A bullfrog (D:6)
  A howler monkey (D:5)
  A bombardier beetle (D:5)
  A hound (D:5)
  3 orc priests
  3 jellies
  2 sleepcaps
  6 iguanas
  7 orc wizards
  5 adders
  5 gnolls
  2 shadow imps
  2 ufetubi (D:6)
  4 dart slugs
  13 orcs
  8 ball pythons
  3 bats
  6 endoplasms
  5 giant cockroaches
  16 goblins
  9 hobgoblins
  2 jackals (D:1)
  5 kobolds
  3 quokkas (D:1)
  5 frilled lizards
  5 rats
137 creatures vanquished.

Notes
Turn   | Place    | Note
-------+----------+-------------------------------------------
     0 | D:1      | BigPumpCobain the Draconian Shapeshifter began the quest
                  | for the Orb.
     0 | D:1      | Reached XP level 1. HP: 16/16 MP: 1/1
    98 | D:1      | Reached XP level 2. HP: 23/23 MP: 2/2
   639 | D:1      | Reached XP level 3. HP: 29/29 MP: 3/3
  1001 | D:2      | Reached skill level 4 in Unarmed Combat
  1031 | D:2      | Reached XP level 4. HP: 36/36 MP: 4/4
  2093 | D:3      | Reached XP level 5. HP: 42/42 MP: 5/5
  2223 | D:3      | Identified the +8 flail of the Trees {heavy, rN+ Dex+3}
  2847 | D:5      | Entered Level 5 of the Dungeon
  2847 | D:5      | Noticed Fractals's ghost (amateur KoHu)
  2847 | D:5      | Noticed a yak
  2847 | D:5      | Found a runed translucent door.
  2851 | D:5      | Reached skill level 5 in Unarmed Combat
  2974 | D:5      | Noticed a black bear
  2983 | D:5      | Killed a black bear
  2984 | D:5      | Reached XP level 6. HP: 50/51 MP: 6/6
  3058 | D:5      | Found a burning altar of Makhleb.
  3328 | D:5      | Reached skill level 6 in Unarmed Combat
  3329 | D:5      | Your scales start taking on an icy white colour.
  3329 | D:5      | Reached XP level 7. HP: 59/59 MP: 7/7
  3329 | D:5      | Gained mutation: Your flesh is cold resistant. (rC+) [White
                  | Draconian growth]
  3614 | D:6      | Found a shadowy altar of Dithmenos.
  3634 | D:6      | Reached skill level 7 in Unarmed Combat
  3637 | D:6      | Reached skill level 5 in Shapeshifting
  3981 | D:6      | Reached skill level 5 in Fighting
  3981 | D:6      | Reached XP level 8. HP: 68/68 MP: 8/8
  4177 | D:6      | Found an ornate altar of the Wu Jian Council.
  4218 | D:6      | Found a glowing golden altar of the Shining One.
  4253 | D:6      | Reached skill level 8 in Unarmed Combat
  4664 | D:7      | Found a staircase to the Ecumenical Temple.
  4673 | Temple   | Entered the Ecumenical Temple
  4719 | D:7      | Reached XP level 9. HP: 46/78 MP: 9/9
  4728 | D:7      | Reached skill level 9 in Unarmed Combat
  4740 | D:7      | HP: 2/78 [orc priest/+0 mace (5)]
  4741 | D:7      | Killed from afar by an orc priest

Illustrated notes

Levels and vault maps discovered:
D:1:      evilmike_arrival_plus, layout_basic, minmay_hexomino_u4
D:2:      layout_basic
D:3:      layout_basic
D:4:      layout_basic
D:5:      layout_cave_pools, makhleb_blood_cavern_becter,
          ebering_ghost_inner_flame, chequers_serial_rivers_small_b,
          kennysheep_nondescript, minmay_misc_feat_diagonals, chequers_avenue,
          minmay_manual_macuahuitl
D:6:      layout_basic, nzn_wu_jian_contemplation,
          nicolae_dithmenos_through_a_glass_darkly, kennysheep_mini,
          hangedman_decor_diamond_cutter, minmay_ogre_servants
D:7:      layout_rooms, mainiacjoe_overflow_catwalk, old_standard_altar,
          minmay_temple_entry_fiery, kennysheep_generic_room_8
Temple:   grunt_temple_mini_profane

Skill      XL: |  1  2  3  4  5  6  7  8  9 |
---------------+----------------------------+-----
Fighting       | 2 3 4 5 6 |  6.8
Unarmed Combat | 4 5 6 7 8 9 |  9.5
Shapeshifting  | 4 5 6 |  6.4
Dodging        | |  1.7

Action                     |  1- 3 |  4- 6 |  7- 9 || total
---------------------------+-------+-------+-------++-------
  Melee: Unarmed           |   108 |    74 |       ||   182
         Tailslap          |     7 |    17 |     8 ||    32
         Flail             |       |    29 |    91 ||   120
         Punch             |       |     1 |     2 ||     3
Ability: Breathe Frost     |       |       |     9 ||     9
    Use: Potion            |       |     1 |     5 ||     6
   Stab: Sleeping          |     1 |     3 |       ||     4
 Armour: Skin              |    44 |    59 |   213 ||   316
  Dodge: Dodged            |    75 |    76 |   121 ||   272

Table legend: (Time is in decaauts)
 A = Elapsed time spent in this place.
 B = Non-inter-level travel time spent in this place.
 C = Inter-level travel time spent in this place.
 D = Time resting spent in this place.
 E = Time spent auto-exploring this place.
 F = Levels seen in this place.
 G = Mean time per level.
                   A        B        C        D        E       F      G
               +--------+--------+--------+--------+--------+-----+--------+
         Total |   4859 |   4743 |    116 |    358 |   3536 |   8 |  607.4 |
       Dungeon |   4857 |   4742 |    115 |    358 |   3536 |   7 |  693.9 |
        Temple |      1 |      1 |      0 |      0 |      0 |   1 |    1.0 |
               +--------+--------+--------+--------+--------+-----+--------+

Top non-repeatable levels by time:
     D:6: 986 daAuts
     D:3: 966 daAuts
     D:1: 801 daAuts
     D:5: 787 daAuts
     D:2: 630 daAuts
     D:4: 445 daAuts
     D:7: 240 daAuts
  Temple: 1 daAuts
